 Dungeon Crawl Stone Soup version 0.26.0-20-g3ca415f5b8 (webtiles) character file.

Game seed: 4127015640372417331

1153 Gauvater the Firebug (level 8, -4/54 HPs)
             Began as an Octopode Fire Elementalist on Jan 25, 2021.
             Slain by an orc warrior
             ... wielding a +0 halberd
              (20 damage)
             ... on level 5 of the Dungeon.
             The game lasted 00:32:56 (6748 turns).

Gauvater the Firebug (Octopode Fire Elementalist)   Turns: 6748, Time: 00:33:03

Health: -4/54      AC:  5    Str:  7    XL:     8   Next: 38%
Magic:  7/14       EV: 13    Int: 19    God:
Gold:   237        SH:  0    Dex: 13    Spells: 11/15 levels left

rFire    . . .     SeeInvis .   s - +5 trident
rCold    . . .     Faith    .   (no shield)
rNeg     + . .     Spirit   .   (helmet restricted)
rPois    .         Reflect  .   (no amulet)
rElec    .         Harm     .   i - ring of positive energy
rCorr    .         Rampage  .   m - +4 ring of protection
Will     .....                  (no ring)
Stlth    +++.......             (no ring)
HPRegen  0.18/turn              (no ring)
MPRegen  0.14/turn              (no ring)
                                (no ring)
                                (no ring)

@: no status effects
A: almost no armour, stealthy swim, amphibious, 8 rings, constrict 8, camouflage
1, gelatinous body 1
a: no special abilities


You were on level 5 of the Dungeon.
You visited 1 branch of the dungeon, and saw 5 of its levels.

You collected 237 gold pieces.

Inventory:

Hand Weapons
 s - a +5 trident (weapon)
Missiles
 n - 3 atropa-tipped darts
 p - 97 arrows
 u - 49 stones (quivered)
 x - 18 sling bullets
Armour
 c - a +0 tower shield
 e - a +1 kite shield
Jewellery
 i - a ring of positive energy (left tentacle)
 m - a +4 ring of protection (right tentacle)
Wands
 t - a wand of acid (7)
 y - a wand of digging (4)
Scrolls
 d - a scroll of remove curse
 h - a scroll of magic mapping
 j - a scroll of fog {unknown}
 k - 2 scrolls of amnesia
 N - 2 scrolls of immolation
Potions
 a - 3 potions of magic
 b - 2 potions of haste
 f - a potion of lignification
 g - 3 potions of curing {unknown}
 l - 4 potions of mutation
 q - 2 potions of heal wounds
 r - a potion of resistance {unknown}
 w - 2 potions of attraction {unknown}
 z - a potion of ambrosia


   Skills:
 * Level 3.6 Fighting
 + Level 4.6 Polearms
 + Level 0.6 Throwing
 - Level 2.0 Dodging
 - Level 2.6 Stealth
 + Level 0.2 Shields
 - Level 0.1 Unarmed Combat
 * Level 4.2 Spellcasting
 * Level 3.9 Conjurations
 * Level 5.2 Fire Magic


You had 11 spell levels left.
You knew the following spells:

 Your Spells              Type           Power        Failure   Level
a - Foxfire               Conj/Fire      84%          1%          1
b - Conjure Flame         Conj/Fire      21%          6%          3

Your spell library contained the following spells:

 Spells                   Type           Power        Failure   Level
 Inner Flame              Hex/Fire       14%          14%         3
 Sticky Flame             Conj/Fire      21%          21%         4
 Fireball                 Conj/Fire      10%          50%         5


Dungeon Overview and Level Annotations

Branches:
Dungeon (5/15)
 Temple: D:4-7

Altars:
Elyvilon
Makhleb
Trog
The Shining One

Annotations:
D:4 Grinder


Innate Abilities, Weirdness & Mutations

You cannot wear most types of armour.
You are very stealthy in the water. (Stealth+)
You are amphibious.
You can wear up to eight rings at the same time.
You can use your tentacles to constrict eight enemies at once.
Your skin changes colour to match your surroundings (Stealth+).
Your rubbery body absorbs attacks. (AC +1, EV +1)


Message History

The weapon returns to the orc!
The orc warrior misses you.
Casting: Foxfire (safe; 1% risk of failure)
Confirm with . or Enter, or press ? or * to list all spells.
You conjure some foxfire!
The orc throws a boomerang.
The boomerang hits you but does no damage.
The weapon returns to the orc!
The orc warrior hits you from afar with a +0 halberd!!
The foxfire hits the orc warrior!
The orc warrior is almost dead.
The foxfire hits the orc warrior but does no damage.
The orc warrior is almost dead.
The orc throws a boomerang.
The boomerang misses you.
The weapon returns to the orc!
The orc warrior closely misses you.
Casting: Foxfire (safe; 1% risk of failure)
Confirm with . or Enter, or press ? or * to list all spells.
You conjure some foxfire!
The orc throws a boomerang.
The boomerang hits you.
* * * LOW HITPOINT WARNING * * *
The weapon returns to the orc!
The orc warrior hits you from afar with a +0 halberd!!
You die...

♣♣.......♣♣ ### #.#.## #
##♣...≈≈≈)..♣ #...###
##.#.#..≈≈≈≈≈..# ##.....#
.....[...≈≈♣≈≈..#### #..###..
.........≈≈≈≈≈.....# #.#####.
..........≈≈≈...##.# ##. ##...
......<#.......###.###..##..##
........#...§.## #...#.#...##.
............v@## #.....###..
............v..## ###...##..#
............oo..####....##...#
................#....###.....#
..........###'###.#### ###...#
######....#≈≈.≈≈#.########...#
##...#≈8.8≈#.##2#_)...###
###.+.._..o.##########
###≈8.8≈#.#


You could see an orc warrior and an orc.

Vanquished Creatures
  A two-headed ogre (D:4)
  A sky beast (D:5)
  A howler monkey (D:4)
  2 hounds (D:4)
  3 orc priests
  4 worker ants (D:4)
  A hound skeleton (D:4)
  6 adders
  An ooze (D:1)
  An adder skeleton (D:5)
  2 worms
  3 dart slugs
  4 leopard geckos
  7 orcs
  A ball python (D:1)
  5 giant cockroaches
  6 goblins
  2 hobgoblins
  A quokka (D:2)
  9 bats
  8 frilled lizards
  7 kobolds
  A leopard gecko skeleton (D:2)
  6 rats
83 creatures vanquished.

Vanquished Creatures (others)
  245 foxfires
245 creatures vanquished.

Grand Total: 328 creatures vanquished

Notes
Turn   | Place    | Note
-------+----------+-------------------------------------------
     0 | D:1      | Gauvater the Octopode Fire Elementalist began the quest for
                  | the Orb.
     0 | D:1      | Reached XP level 1. HP: 11/11 MP: 3/3
   432 | D:1      | Reached XP level 2. HP: 17/17 MP: 1/5
   994 | D:1      | Reached XP level 3. HP: 21/21 MP: 2/6
  1790 | D:2      | Reached skill level 4 in Fire Magic
  2368 | D:2      | Reached XP level 4. HP: 27/27 MP: 4/7
  3175 | D:2      | Learned a level 3 spell: Conjure Flame
  3958 | D:4      | Noticed a two-headed ogre
  4241 | D:4      | Noticed Grinder
  4251 | D:3      | Reached XP level 5. HP: 6/32 MP: 4/9
  4658 | D:4      | Found a bloodstained altar of Trog.
  4664 | D:4      | Reached skill level 1 in Fighting
  4760 | D:4      | Reached XP level 6. HP: 22/38 MP: 9/11
  5356 | D:4      | Reached skill level 1 in Polearms
  5582 | D:4      | Killed a two-headed ogre
  5583 | D:4      | Reached skill level 5 in Fire Magic
  5583 | D:4      | Reached XP level 7. HP: 46/46 MP: 5/13
  5583 | D:4      | Reached XP level 8. HP: 52/52 MP: 5/14
  5882 | D:5      | Entered Level 5 of the Dungeon
  5991 | D:5      | Found a burning altar of Makhleb.
  5991 | D:5      | Noticed a balrug
  6006 | D:5      | Found a glowing golden altar of the Shining One.
  6125 | D:5      | Found a white marble altar of Elyvilon.
  6148 | D:5      | HP: 1/53 [orc priest/divine providence (13)]
  6748 | D:5      | Slain by an orc warrior

Illustrated notes

Levels and vault maps discovered:
D:1:      dpeg_arrival_concentric_ovals, layout_loops_corners
D:2:      layout_loops_ring, minmay_misc_feat_chi
D:3:      layout_loops_ring
D:4:      minmay_recursive_quarters, layout_loops_cross, bloody_trog,
          serial_glass, glass_columns_a, glass_columns_c, glass_columns_a,
          glass_columns_a, glass_columns_c, uniq_grinder
D:5:      layout_rooms, makhleb_altar_promises_db, kennysheep_little_box,
          elyvilon_altar_3, temple_statues, nemelex_lonely_heart_becter

Skill      XL: |  1  2  3  4  5  6 |
---------------+-------------------+-----
Fire Magic     | 4 5 |  5.2
Conjurations   | 2 3 |  3.9
Spellcasting   | 3 4 |  4.2
Fighting       | 1 3 |  3.6
Polearms       | 4 |  4.6
Throwing       | |  0.6
Dodging        | |  2.0
Stealth        | |  2.6
Shields        | |  0.2
Unarmed Combat | |  0.1

Action                   |  1- 3 |  4- 6 |  7- 9 || total
-------------------------+-------+-------+-------++-------
Melee: Unarmed           |     4 |     4 |       ||     8
       Constrict         |     3 |    13 |     1 ||    17
       Tentacles         |     2 |     6 |     1 ||     9
       Trident           |       |    54 |    12 ||    66
Throw: Stone             |       |     7 |       ||     7
 Cast: Foxfire           |    65 |    49 |    34 ||   148
       Conjure Flame     |       |     3 |     3 ||     6
  Use: Scroll            |       |    15 |       ||    15
       Potion            |       |     2 |     1 ||     3
 Stab: Sleeping          |       |     1 |       ||     1
Armor: Skin              |     3 |    22 |     1 ||    26
Dodge: Dodged            |     7 |    53 |    21 ||    81
Block: Kite shield       |       |     4 |       ||     4
